[ AOE2 MATCH · #474077181 ]
UnrankedBohemians vs Maya
[ REPLAY ANALYSIS · EXTRACTED FROM THE RECORDED GAME ]
Feudal
11:28
Castle
15:09
Imperial
37:08
| APM avg | 27.8 |
| APM peak | 49 |
| eAPM avg | 15.7 |
| Villagers / military | 124 / 194 |
Focus
⚔️ 23.0% · 🌾 77.0%
Spearman ×165 · Petard ×8 · Hussite Wagon ×6 · Bombard Cannon ×6 · Scorpion ×4 · Mangonel ×3
Feudal
10:56
Castle
14:34
Imperial
29:29
| APM avg | 58.0 |
| APM peak | 122 |
| eAPM avg | 33.9 |
| Villagers / military | 137 / 202 |
Focus
⚔️ 36.5% · 🌾 63.5%
Knight ×136 · Obuch ×58 · Trebuchet (Packed) ×7 · Monk ×1
Feudal
11:11
Castle
21:48
Imperial
37:00
| APM avg | 18.4 |
| APM peak | 48 |
| eAPM avg | 10.6 |
| Villagers / military | 101 / 60 |
Focus
⚔️ 27.5% · 🌾 72.5%
Camel Scout ×27 · Scout Cavalry ×14 · Janissary ×13 · Bombard Cannon ×6
Feudal
11:24
Castle
25:07
Imperial
43:23
| APM avg | 15.3 |
| APM peak | 58 |
| eAPM avg | 11.0 |
| Villagers / military | 93 / 204 |
Focus
⚔️ 26.6% · 🌾 73.4%
Spearman ×108 · Plumed Archer ×80 · Trade Cart ×17 · Skirmisher ×15 · Militia ×1
Feudal
11:46
Castle
15:17
Imperial
—
| APM avg | 27.3 |
| APM peak | 72 |
| eAPM avg | 18.1 |
| Villagers / military | 181 / 178 |
Focus
⚔️ 25.1% · 🌾 74.9%
Knight ×92 · Archer ×68 · Battering Ram ×14 · Mangonel ×3 · Monk ×1
Feudal
—
Castle
—
Imperial
—
| APM avg | 4.3 |
| APM peak | 11 |
| eAPM avg | 4.1 |
| Villagers / military | 74 / 29 |
Focus
⚔️ 18.6% · 🌾 81.4%
Skirmisher ×8 · Spearman ×7 · Trade Cart ×7 · Militia ×6 · Scout Cavalry ×5 · Monk ×3
Feudal
12:23
Castle
17:12
Imperial
27:37
| APM avg | 22.8 |
| APM peak | 54 |
| eAPM avg | 13.3 |
| Villagers / military | 61 / 144 |
Focus
⚔️ 43.7% · 🌾 56.3%
Spearman ×99 · Skirmisher ×45
Feudal
12:06
Castle
16:08
Imperial
30:47
| APM avg | 31.7 |
| APM peak | 86 |
| eAPM avg | 16.7 |
| Villagers / military | 158 / 130 |
Focus
⚔️ 20.3% · 🌾 79.7%
Knight ×105 · Hand Cannoneer ×20 · Monk ×5
Match map
Initial resources + every placement click. Lines = walls · curves = elevation contours. ◆ gold · ⬟ stone · ● berries · ✦ relic · ◌ wall gap
Your base· ✓ Closed at 15:09 · 0t walls · 3 gate(s)
杀猪死四农's base· ✓ Closed at 14:34 · 0t walls · 3 gate(s)
渣渣灰渣师傅tz's base· ✓ Closed at 21:48 · 0t walls · 2 gate(s)
WalterPFC's base· ✓ Closed at 25:07 · 0t walls · 3 gate(s)
基八's base· ✓ Closed at 15:17 · 0t walls · 2 gate(s)
Tusshhaaarrr's base· ✓ Closed at 25:49 · 0t walls · 2 gate(s)
Chocolate Nestle's base· ✓ Closed at 17:12 · 21t walls · 3 gate(s)
glhf's base· ✓ Closed at 16:08 · 0t walls · 2 gate(s)
Smoothed initial terrain · ◌ = detected wall gap · hover for details
Inputs per minute
— Olufe jam'kon - - 杀猪死四农
Build order — Olufe jam'kon
First 150 of 340 actions detected
| 0:02 | Create | Villager (Male) |
| 0:02 | Create | Villager (Male) |
| 0:02 | Create | Villager (Male) |
| 0:03 | Build | House |
| 0:04 | Build | House |
| 0:05 | Create | Villager (Male) |
| 0:05 | Create | Villager (Male) |
| 1:31 | Create | Villager (Male) |
| 1:49 | Build | Lumber Camp |
| 1:51 | Create | Villager (Male) |
| 2:30 | Create | Villager (Male) |
| 3:00 | Create | Villager (Male) |
| 3:03 | Build | House |
| 3:04 | Build | House |
| 3:09 | Build | House |
| 3:14 | Build | House |
| 3:18 | Create | Villager (Male) |
| 3:41 | Create | Villager (Male) |
| 4:11 | Create | Villager (Male) |
| 4:38 | Create | Villager (Male) |
| 4:49 | Build | Mill |
| 4:57 | Create | Villager (Male) |
| 5:31 | Create | Villager (Male) |
| 5:39 | Build | Farm |
| 5:58 | Create | Villager (Male) |
| 6:12 | Create | Villager (Male) |
| 6:24 | Create | Villager (Male) |
| 6:41 | Create | Villager (Male) |
| 6:48 | Build | Farm |
| 6:54 | Build | House |
| 7:01 | Create | Villager (Male) |
| 7:16 | Create | Villager (Male) |
| 7:33 | Create | Villager (Male) |
| 7:44 | Create | Villager (Male) |
| 8:06 | Create | Villager (Male) |
| 8:28 | Create | Villager (Male) |
| 8:31 | Build | Mining Camp |
| 9:06 | Research | Feudal Age |
| 9:25 | Build | Mining Camp |
| 9:52 | Create | Villager (Male) |
| 9:52 | Create | Villager (Male) |
| 11:28 | Age | Feudal Age |
| 11:32 | Build | Market |
| 11:34 | Build | Blacksmith |
| 12:21 | Create | Villager (Male) |
| 12:29 | Research | Castle Age |
| 12:32 | Build | House |
| 12:33 | Build | House |
| 12:34 | Build | House |
| 12:35 | Build | House |
| 12:37 | Create | Villager (Male) |
| 12:52 | Research | Double-Bit Axe |
| 13:23 | Research | Horse Collar |
| 13:51 | Create | Villager (Male) |
| 13:55 | Research | Loom |
| 13:57 | Create | Villager (Male) |
| 13:57 | Create | Villager (Male) |
| 15:09 | Age | Castle Age |
| 15:11 | Create | Villager (Male) |
| 15:14 | Build | Town Center |
| 15:29 | Create | Villager (Male) |
| 15:40 | Build | Town Center |
| 15:41 | Create | Villager (Male) |
| 16:12 | Create | Villager (Male) |
| 16:29 | Build | Farm |
| 16:41 | Create | Villager (Male) |
| 17:00 | Create | Villager (Male) |
| 17:03 | Build | Farm |
| 17:16 | Build | Farm |
| 17:19 | Build | Farm |
| 17:23 | Create | Villager (Male) |
| 17:35 | Build | Farm |
| 17:36 | Create | Villager (Male) |
| 17:39 | Create | Villager (Male) |
| 17:52 | Create | Villager (Male) |
| 17:59 | Build | House |
| 18:01 | Build | House |
| 18:01 | Build | House |
| 18:11 | Build | Castle |
| 18:15 | Build | Palisade Gate |
| 18:20 | Create | Villager (Male) |
| 18:51 | Create | Villager (Male) |
| 19:14 | Create | Villager (Male) |
| 19:23 | Build | Farm |
| 19:24 | Build | Farm |
| 19:28 | Build | Farm |
| 19:29 | Build | Farm |
| 19:30 | Build | Farm |
| 19:32 | Build | Farm |
| 19:33 | Build | Farm |
| 19:35 | Create | Villager (Male) |
| 19:35 | Create | Villager (Male) |
| 19:48 | Build | House |
| 19:49 | Create | Villager (Male) |
| 20:14 | Build | Mining Camp |
| 20:17 | Create | Hussite Wagon |
| 20:18 | Create | Hussite Wagon |
| 20:31 | Build | Outpost |
| 20:35 | Create | Hussite Wagon |
| 20:39 | Create | Petard |
| 20:49 | Create | Villager (Male) |
| 20:49 | Create | Villager (Male) |
| 20:50 | Create | Villager (Male) |
| 20:59 | Create | Villager (Male) |
| 20:59 | Create | Villager (Male) |
| 21:00 | Create | Villager (Male) |
| 21:00 | Create | Villager (Male) |
| 21:06 | Create | Hussite Wagon |
| 21:23 | Create | Hussite Wagon |
| 21:43 | Build | Castle |
| 21:50 | Research | Fletching |
| 21:51 | Create | Villager (Male) |
| 22:06 | Create | Petard |
| 22:07 | Create | Petard |
| 22:17 | Create | Villager (Male) |
| 22:34 | Create | Villager (Male) |
| 22:42 | Create | Villager (Male) |
| 22:42 | Create | Villager (Male) |
| 22:55 | Create | Hussite Wagon |
| 23:04 | Create | Villager (Male) |
| 23:04 | Create | Villager (Male) |
| 23:04 | Create | Villager (Male) |
| 23:18 | Create | Villager (Male) |
| 23:44 | Build | University |
| 23:49 | Build | Siege Workshop |
| 23:49 | Create | Villager (Male) |
| 23:57 | Build | Farm |
| 23:58 | Build | Farm |
| 23:59 | Build | Farm |
| 24:01 | Build | Farm |
| 24:04 | Build | Farm |
| 24:08 | Build | Farm |
| 24:09 | Build | Farm |
| 24:15 | Research | Forging |
| 24:20 | Build | Barracks |
| 24:22 | Build | Barracks |
| 24:27 | Create | Mangonel |
| 24:36 | Research | Masonry |
| 24:48 | Create | Petard |
| 24:48 | Create | Petard |
| 24:49 | Create | Petard |
| 25:04 | Build | Farm |
| 25:05 | Build | Farm |
| 25:09 | Build | Outpost |
| 25:14 | Create | Petard |
| 25:14 | Create | Petard |
| 25:17 | Create | Villager (Male) |
| 25:17 | Create | Villager (Male) |
| 26:17 | Research | Pikeman (upgrade) |
| 26:42 | Create | Spearman ×5 |
Build order — 杀猪死四农
First 150 of 535 actions detected
| 0:01 | Create | Villager (Male) |
| 0:01 | Create | Villager (Male) |
| 0:01 | Create | Villager (Male) |
| 0:02 | Build | House |
| 0:04 | Build | House |
| 0:09 | Create | Villager (Male) |
| 1:09 | Create | Villager (Male) |
| 1:51 | Create | Villager (Male) |
| 2:10 | Build | Lumber Camp |
| 2:20 | Create | Villager (Male) |
| 2:46 | Create | Villager (Male) |
| 3:12 | Create | Villager (Male) |
| 3:17 | Build | House |
| 3:18 | Build | House |
| 3:46 | Create | Villager (Male) |
| 3:46 | Create | Villager (Male) |
| 4:08 | Create | Villager (Male) |
| 4:08 | Create | Villager (Male) |
| 4:38 | Create | Villager (Male) |
| 4:45 | Create | Villager (Male) |
| 5:18 | Create | Villager (Male) |
| 6:00 | Create | Villager (Male) |
| 6:15 | Build | Mill |
| 6:34 | Create | Villager (Male) |
| 7:28 | Create | Villager (Male) |
| 7:51 | Create | Villager (Male) |
| 8:20 | Create | Villager (Male) |
| 8:27 | Build | Mining Camp |
| 8:32 | Research | Feudal Age |
| 10:01 | Build | Farm |
| 10:04 | Build | Farm |
| 10:48 | Create | Villager (Male) |
| 10:49 | Create | Villager (Male) |
| 10:54 | Build | Farm |
| 10:56 | Age | Feudal Age |
| 10:57 | Build | Farm |
| 10:59 | Build | Market |
| 11:02 | Build | Blacksmith |
| 11:54 | Research | Castle Age |
| 11:57 | Research | Double-Bit Axe |
| 12:03 | Build | House |
| 12:04 | Build | House |
| 12:05 | Build | House |
| 12:46 | Research | Horse Collar |
| 14:23 | Research | Wheelbarrow |
| 14:34 | Age | Castle Age |
| 14:35 | Create | Villager (Male) |
| 14:38 | Build | Town Center |
| 14:44 | Build | Monastery |
| 15:07 | Create | Villager (Male) |
| 15:17 | Create | Villager (Male) |
| 15:18 | Create | Monk |
| 15:28 | Build | Lumber Camp |
| 15:42 | Create | Villager (Male) |
| 15:50 | Build | Lumber Camp |
| 15:55 | Create | Villager (Male) |
| 16:06 | Create | Villager (Male) |
| 16:16 | Create | Villager (Male) |
| 16:19 | Build | Town Center |
| 16:29 | Create | Villager (Male) |
| 16:44 | Create | Villager (Male) |
| 16:46 | Build | Farm |
| 16:49 | Build | Mill |
| 16:50 | Build | Farm |
| 16:58 | Build | Mill |
| 16:59 | Build | Farm |
| 17:01 | Build | Farm |
| 17:03 | Create | Villager (Male) |
| 17:26 | Create | Villager (Male) |
| 17:27 | Create | Villager (Male) |
| 17:27 | Create | Villager (Male) |
| 17:32 | Create | Villager (Male) |
| 17:35 | Build | Farm |
| 17:36 | Build | Farm |
| 17:37 | Create | Villager (Male) |
| 17:39 | Build | Farm |
| 17:40 | Create | Villager (Male) |
| 17:51 | Research | Bow Saw |
| 17:52 | Research | Bow Saw |
| 18:14 | Create | Villager (Male) |
| 18:26 | Build | Farm |
| 18:27 | Build | Farm |
| 18:31 | Build | Farm |
| 18:35 | Create | Villager (Male) |
| 18:36 | Create | Villager (Male) |
| 18:40 | Build | Mill |
| 18:40 | Build | Farm |
| 18:41 | Build | Farm |
| 18:41 | Build | Farm |
| 18:45 | Create | Villager (Male) |
| 18:52 | Create | Villager (Male) |
| 18:59 | Build | Farm |
| 19:10 | Create | Villager (Male) |
| 19:18 | Build | Farm |
| 19:23 | Build | Farm |
| 19:28 | Build | Farm |
| 19:35 | Create | Villager (Male) |
| 19:42 | Build | Farm |
| 19:44 | Create | Villager (Male) |
| 19:44 | Create | Villager (Male) |
| 19:44 | Create | Villager (Male) |
| 19:46 | Build | Farm |
| 19:56 | Create | Villager (Male) |
| 20:02 | Create | Villager (Male) |
| 20:09 | Research | Gold Mining |
| 20:10 | Create | Villager (Male) |
| 20:10 | Create | Villager (Male) |
| 20:14 | Create | Villager (Male) |
| 20:22 | Create | Villager (Male) |
| 20:25 | Build | Mill |
| 20:26 | Build | Farm |
| 20:26 | Build | Farm |
| 20:26 | Build | Farm |
| 20:27 | Build | Farm |
| 20:27 | Build | Farm |
| 20:27 | Build | Farm |
| 20:27 | Build | Farm |
| 21:03 | Build | Farm |
| 21:03 | Create | Villager (Male) |
| 21:05 | Create | Villager (Male) |
| 21:06 | Create | Villager (Male) |
| 21:08 | Create | Villager (Male) |
| 21:08 | Create | Villager (Male) |
| 21:21 | Create | Villager (Male) |
| 21:21 | Create | Villager (Male) |
| 21:23 | Create | Villager (Male) |
| 21:29 | Build | Farm |
| 21:43 | Create | Villager (Male) |
| 21:44 | Create | Villager (Male) |
| 21:45 | Create | Villager (Male) |
| 21:57 | Create | Villager (Male) |
| 22:06 | Build | Mill |
| 22:06 | Build | Farm |
| 22:07 | Build | Farm |
| 22:07 | Build | Farm |
| 22:07 | Build | Farm |
| 22:08 | Create | Villager (Male) |
| 22:12 | Build | Farm |
| 22:12 | Build | Farm |
| 22:12 | Build | Farm |
| 22:15 | Create | Villager (Male) |
| 22:15 | Create | Villager (Male) |
| 22:22 | Create | Villager (Male) |
| 22:22 | Create | Villager (Male) |
| 22:22 | Create | Villager (Male) |
| 22:23 | Create | Villager (Male) |
| 22:23 | Create | Villager (Male) |
| 22:53 | Build | Farm |
| 22:54 | Create | Villager (Male) |
| 22:56 | Build | House |
Build order — 渣渣灰渣师傅tz
First 150 of 281 actions detected
| 0:07 | Build | House |
| 0:08 | Build | House |
| 0:37 | Create | Villager (Male) |
| 0:38 | Create | Villager (Male) |
| 0:38 | Create | Villager (Male) |
| 0:38 | Create | Villager (Male) |
| 2:03 | Create | Villager (Male) |
| 2:29 | Create | Villager (Male) |
| 2:29 | Create | Villager (Male) |
| 3:03 | Create | Villager (Male) |
| 3:30 | Create | Villager (Male) |
| 3:45 | Create | Villager (Male) |
| 3:51 | Create | Villager (Male) |
| 4:26 | Create | Villager (Male) |
| 4:26 | Create | Villager (Male) |
| 4:30 | Research | Loom |
| 4:42 | Build | House |
| 4:45 | Build | House |
| 5:24 | Create | Villager (Male) |
| 5:25 | Create | Villager (Male) |
| 5:25 | Create | Villager (Male) |
| 5:26 | Create | Villager (Male) |
| 5:27 | Create | Villager (Male) |
| 6:38 | Build | Mill |
| 7:47 | Create | Villager (Male) |
| 7:47 | Create | Villager (Male) |
| 7:48 | Create | Villager (Male) |
| 8:21 | Build | Lumber Camp |
| 9:01 | Research | Feudal Age |
| 9:58 | Create | Villager (Male) |
| 9:59 | Create | Villager (Male) |
| 9:59 | Create | Villager (Male) |
| 9:59 | Create | Villager (Male) |
| 10:00 | Create | Villager (Male) |
| 10:00 | Create | Villager (Male) |
| 11:11 | Age | Feudal Age |
| 11:17 | Research | Double-Bit Axe |
| 11:23 | Research | Wheelbarrow |
| 11:28 | Research | Horse Collar |
| 11:35 | Build | House |
| 11:37 | Build | House |
| 11:39 | Build | House |
| 11:52 | Build | Farm |
| 11:53 | Build | Farm |
| 11:55 | Build | Farm |
| 11:56 | Build | Farm |
| 11:58 | Build | Farm |
| 12:02 | Build | Farm |
| 12:23 | Create | Villager (Male) |
| 12:23 | Create | Villager (Male) |
| 12:23 | Create | Villager (Male) |
| 12:24 | Create | Villager (Male) |
| 12:24 | Create | Villager (Male) |
| 12:24 | Create | Villager (Male) |
| 12:25 | Create | Villager (Male) |
| 12:25 | Create | Villager (Male) |
| 12:54 | Build | Farm |
| 12:56 | Build | Farm |
| 13:11 | Build | House |
| 13:13 | Build | House |
| 13:40 | Build | Farm |
| 13:48 | Build | Farm |
| 13:51 | Build | Farm |
| 14:06 | Build | House |
| 14:08 | Build | House |
| 15:27 | Build | House |
| 15:28 | Build | House |
| 15:33 | Build | Blacksmith |
| 15:44 | Build | Farm |
| 15:45 | Build | Farm |
| 15:47 | Build | Farm |
| 16:17 | Build | Farm |
| 16:19 | Build | Farm |
| 16:21 | Create | Villager (Male) |
| 16:22 | Create | Villager (Male) |
| 16:22 | Create | Villager (Male) |
| 16:22 | Create | Villager (Male) |
| 16:23 | Create | Villager (Male) |
| 16:57 | Build | Market |
| 17:04 | Build | House |
| 17:05 | Build | House |
| 17:46 | Build | House |
| 18:20 | Build | Barracks |
| 18:29 | Build | Barracks |
| 18:42 | Create | Villager (Male) |
| 18:43 | Create | Villager (Male) |
| 18:43 | Create | Villager (Male) |
| 18:43 | Create | Villager (Male) |
| 18:44 | Create | Villager (Male) |
| 18:44 | Create | Villager (Male) |
| 19:08 | Research | Castle Age |
| 19:15 | Build | House |
| 19:16 | Build | House |
| 19:39 | Build | House |
| 20:10 | Build | House |
| 20:11 | Build | House |
| 20:12 | Build | House |
| 20:22 | Research | Scale Barding Armor |
| 21:17 | Research | Forging |
| 21:48 | Age | Castle Age |
| 21:54 | Research | Hand Cart |
| 21:57 | Research | Heavy Plow |
| 21:59 | Research | Bow Saw |
| 22:05 | Build | House |
| 22:08 | Build | House |
| 22:25 | Build | Mining Camp |
| 22:37 | Build | Town Center |
| 23:18 | Build | House |
| 23:20 | Build | House |
| 23:33 | Build | University |
| 23:39 | Create | Villager (Male) |
| 23:40 | Create | Villager (Male) |
| 23:40 | Create | Villager (Male) |
| 23:40 | Create | Villager (Male) |
| 23:41 | Create | Villager (Male) |
| 23:41 | Create | Villager (Male) |
| 23:41 | Create | Villager (Male) |
| 23:42 | Create | Villager (Male) |
| 23:42 | Create | Villager (Male) |
| 23:46 | Research | Stone Mining |
| 23:46 | Research | Gold Mining |
| 24:59 | Research | Treadmill Crane |
| 25:04 | Create | Villager (Male) |
| 25:04 | Create | Villager (Male) |
| 25:04 | Create | Villager (Male) |
| 25:05 | Create | Villager (Male) |
| 25:05 | Create | Villager (Male) |
| 25:05 | Create | Villager (Male) |
| 25:06 | Create | Villager (Male) |
| 25:06 | Create | Villager (Male) |
| 25:31 | Research | Masonry |
| 25:49 | Build | House |
| 25:52 | Research | Padded Archer Armor |
| 26:07 | Create | Villager (Male) |
| 26:13 | Build | Farm |
| 26:15 | Build | Farm |
| 26:16 | Build | Farm |
| 26:18 | Build | Farm |
| 26:19 | Build | Farm |
| 26:20 | Build | Farm |
| 26:26 | Build | Farm |
| 26:37 | Build | Farm |
| 26:48 | Research | Fortified Wall (upgrade) |
| 27:40 | Build | Stable |
| 28:18 | Build | Monastery |
| 28:23 | Create | Villager (Male) |
| 28:23 | Create | Villager (Male) |
| 28:24 | Create | Villager (Male) |
| 28:24 | Create | Villager (Male) |
| 28:25 | Create | Villager (Male) |
Build order — WalterPFC
First 150 of 270 actions detected
| 0:14 | Create | Villager (Male) |
| 0:14 | Create | Villager (Male) |
| 0:14 | Create | Villager (Male) |
| 0:14 | Create | Villager (Male) |
| 0:15 | Create | Villager (Male) |
| 0:22 | Build | House |
| 1:52 | Research | Loom |
| 1:53 | Create | Villager (Male) |
| 2:15 | Build | House |
| 2:30 | Create | Villager (Male) |
| 3:47 | Create | Villager (Male) |
| 3:47 | Create | Villager (Male) |
| 3:47 | Create | Villager (Male) |
| 3:48 | Create | Villager (Male) |
| 3:57 | Build | Lumber Camp |
| 4:34 | Create | Villager (Male) |
| 4:34 | Create | Villager (Male) |
| 5:43 | Build | Mill |
| 5:58 | Create | Villager (Male) |
| 5:59 | Create | Villager (Male) |
| 5:59 | Create | Villager (Male) |
| 6:09 | Build | House |
| 6:25 | Build | House |
| 6:38 | Create | Villager (Male) |
| 6:39 | Create | Villager (Male) |
| 6:39 | Create | Villager (Male) |
| 6:39 | Create | Villager (Male) |
| 8:41 | Build | Mill |
| 9:01 | Research | Feudal Age |
| 10:01 | Build | Barracks |
| 10:13 | Build | Mining Camp |
| 10:35 | Build | House |
| 11:19 | Build | Farm |
| 11:24 | Age | Feudal Age |
| 11:32 | Research | Double-Bit Axe |
| 11:42 | Research | Wheelbarrow |
| 11:45 | Research | Town Watch |
| 12:00 | Create | Villager (Male) |
| 12:00 | Create | Villager (Male) |
| 12:01 | Create | Villager (Male) |
| 12:01 | Create | Villager (Male) |
| 12:36 | Build | Market |
| 12:39 | Build | Market |
| 12:54 | Build | Blacksmith |
| 13:20 | Create | Villager (Male) |
| 13:21 | Create | Villager (Male) |
| 13:21 | Create | Villager (Male) |
| 13:42 | Research | Stone Mining |
| 14:36 | Create | Militia |
| 15:38 | Create | Spearman |
| 15:38 | Create | Spearman |
| 15:54 | Create | Villager (Male) |
| 15:55 | Create | Villager (Male) |
| 15:55 | Create | Villager (Male) |
| 16:04 | Build | Farm |
| 16:05 | Build | Farm |
| 16:06 | Build | Farm |
| 16:07 | Build | Farm |
| 16:26 | Create | Villager (Male) |
| 16:27 | Create | Villager (Male) |
| 16:43 | Research | Horse Collar |
| 16:54 | Build | Farm |
| 16:55 | Build | Farm |
| 17:14 | Build | House |
| 17:16 | Build | House |
| 17:39 | Research | Arson |
| 17:59 | Build | Mining Camp |
| 18:29 | Build | Farm |
| 18:31 | Build | Farm |
| 18:50 | Research | Gold Mining |
| 18:58 | Create | Villager (Male) |
| 18:58 | Create | Villager (Male) |
| 18:59 | Create | Villager (Male) |
| 19:17 | Build | House |
| 19:18 | Build | House |
| 20:14 | Create | Trade Cart |
| 20:14 | Create | Trade Cart |
| 20:14 | Create | Trade Cart |
| 20:14 | Create | Trade Cart |
| 20:26 | Create | Villager (Male) |
| 20:27 | Create | Villager (Male) |
| 20:41 | Build | Farm |
| 20:42 | Build | Farm |
| 20:43 | Build | Farm |
| 20:44 | Build | Farm |
| 20:45 | Build | Farm |
| 21:10 | Research | Man-at-Arms (upgrade) |
| 22:27 | Research | Castle Age |
| 22:49 | Build | Archery Range |
| 23:12 | Build | Watch Tower |
| 23:14 | Build | Watch Tower |
| 23:44 | Create | Spearman ×5 |
| 23:45 | Create | Spearman ×5 |
| 24:19 | Research | Forging |
| 24:26 | Research | Fletching |
| 24:40 | Create | Trade Cart ×5 |
| 24:53 | Create | Villager (Male) |
| 24:54 | Create | Villager (Male) |
| 25:07 | Age | Castle Age |
| 25:17 | Research | Bow Saw |
| 25:54 | Build | Town Center |
| 26:05 | Research | Stone Shaft Mining |
| 26:22 | Create | Villager (Male) ×3 |
| 26:22 | Create | Villager (Male) ×3 |
| 26:22 | Create | Villager (Male) ×3 |
| 26:33 | Build | House |
| 26:34 | Build | House |
| 26:36 | Build | House |
| 27:30 | Create | Skirmisher ×5 |
| 27:31 | Create | Skirmisher ×5 |
| 27:31 | Create | Skirmisher ×5 |
| 27:46 | Create | Villager (Male) |
| 27:46 | Create | Villager (Male) ×3 |
| 27:47 | Create | Villager (Male) ×3 |
| 27:47 | Create | Villager (Male) ×3 |
| 28:01 | Create | Villager (Male) |
| 28:01 | Create | Villager (Male) |
| 28:01 | Create | Villager (Male) |
| 28:02 | Create | Villager (Male) |
| 28:17 | Research | Town Patrol |
| 28:50 | Research | Caravan |
| 28:53 | Create | Trade Cart |
| 28:53 | Create | Trade Cart |
| 29:14 | Build | Lumber Camp |
| 29:43 | Create | Villager (Male) |
| 29:44 | Create | Villager (Male) |
| 29:44 | Create | Villager (Male) |
| 29:44 | Create | Villager (Male) |
| 30:11 | Build | House |
| 30:12 | Build | House |
| 30:14 | Build | House |
| 30:15 | Build | House |
| 30:17 | Build | House |
| 30:35 | Create | Villager (Male) |
| 30:35 | Create | Villager (Male) |
| 30:35 | Create | Villager (Male) |
| 30:35 | Create | Villager (Male) |
| 30:36 | Create | Villager (Male) |
| 30:36 | Create | Villager (Male) |
| 30:36 | Create | Villager (Male) |
| 31:06 | Build | Farm |
| 31:06 | Build | Farm |
| 31:06 | Build | Farm |
| 31:07 | Build | Farm |
| 31:07 | Build | Farm |
| 31:07 | Build | Farm |
| 31:08 | Build | Farm |
| 31:30 | Research | Heavy Plow |
| 31:44 | Create | Villager (Male) |
| 31:44 | Create | Villager (Male) |
Build order — 基八
First 150 of 398 actions detected
| 0:01 | Create | Villager (Male) |
| 0:01 | Create | Villager (Male) |
| 0:01 | Create | Villager (Male) |
| 0:02 | Create | Villager (Male) |
| 0:02 | Create | Villager (Male) |
| 1:24 | Create | Villager (Male) |
| 1:48 | Create | Villager (Male) |
| 1:48 | Create | Villager (Male) |
| 2:18 | Build | Mill |
| 2:19 | Create | Villager (Male) |
| 2:20 | Create | Villager (Male) |
| 2:20 | Create | Villager (Male) |
| 2:48 | Create | Villager (Male) |
| 2:48 | Create | Villager (Male) |
| 3:20 | Create | Villager (Male) |
| 3:20 | Create | Villager (Male) |
| 3:55 | Create | Villager (Male) |
| 3:56 | Create | Villager (Male) |
| 3:56 | Create | Villager (Male) |
| 4:22 | Create | Villager (Male) |
| 4:22 | Create | Villager (Male) |
| 4:37 | Create | Villager (Male) |
| 4:50 | Create | Villager (Male) |
| 5:18 | Create | Villager (Male) |
| 5:18 | Create | Villager (Male) |
| 5:21 | Create | Villager (Male) |
| 5:34 | Build | Mining Camp |
| 5:49 | Create | Villager (Male) |
| 5:49 | Create | Villager (Male) |
| 5:49 | Create | Villager (Male) |
| 5:50 | Create | Villager (Male) |
| 5:54 | Build | Lumber Camp |
| 6:51 | Create | Villager (Male) |
| 6:52 | Create | Villager (Male) |
| 7:12 | Create | Villager (Male) |
| 7:12 | Create | Villager (Male) |
| 7:25 | Create | Villager (Male) |
| 7:25 | Create | Villager (Male) |
| 9:29 | Research | Feudal Age |
| 9:29 | Research | Feudal Age |
| 10:13 | Create | Villager (Male) |
| 10:14 | Create | Villager (Male) |
| 10:38 | Create | Villager (Male) |
| 10:51 | Build | Farm |
| 10:53 | Build | Farm |
| 11:34 | Build | Farm |
| 11:46 | Age | Feudal Age |
| 11:52 | Build | Market |
| 11:59 | Build | Blacksmith |
| 12:33 | Research | Castle Age |
| 12:33 | Research | Castle Age |
| 12:33 | Research | Castle Age |
| 12:40 | Build | Farm |
| 12:44 | Research | Double-Bit Axe |
| 12:45 | Research | Double-Bit Axe |
| 12:57 | Build | Farm |
| 12:58 | Build | Farm |
| 13:27 | Research | Horse Collar |
| 13:28 | Research | Horse Collar |
| 13:38 | Create | Villager (Male) |
| 13:38 | Create | Villager (Male) |
| 14:06 | Create | Villager (Male) |
| 14:09 | Research | Loom |
| 14:41 | Create | Villager (Male) |
| 15:17 | Age | Castle Age |
| 15:19 | Build | Town Center |
| 15:34 | Build | Farm |
| 15:35 | Build | Farm |
| 15:47 | Create | Villager (Male) |
| 16:08 | Create | Villager (Male) |
| 16:08 | Create | Villager (Male) |
| 16:08 | Create | Villager (Male) |
| 16:08 | Create | Villager (Male) |
| 16:09 | Create | Villager (Male) |
| 16:09 | Create | Villager (Male) |
| 16:09 | Create | Villager (Male) |
| 16:17 | Build | Farm |
| 16:21 | Build | Farm |
| 16:24 | Build | Farm |
| 16:28 | Build | Farm |
| 16:31 | Build | Farm |
| 16:39 | Create | Villager (Male) |
| 16:39 | Create | Villager (Male) |
| 16:39 | Create | Villager (Male) |
| 16:57 | Create | Villager (Male) |
| 16:57 | Create | Villager (Male) |
| 17:02 | Build | Farm |
| 17:07 | Build | Farm |
| 17:16 | Create | Villager (Male) |
| 17:17 | Create | Villager (Male) |
| 17:45 | Create | Villager (Male) |
| 17:46 | Create | Villager (Male) |
| 17:59 | Build | Town Center |
| 18:02 | Create | Villager (Male) |
| 18:02 | Create | Villager (Male) |
| 18:28 | Build | Mining Camp |
| 18:51 | Create | Villager (Male) |
| 18:51 | Create | Villager (Male) |
| 18:51 | Create | Villager (Male) |
| 18:51 | Create | Villager (Male) |
| 18:52 | Create | Villager (Male) |
| 18:56 | Build | Farm |
| 19:21 | Build | Barracks |
| 19:45 | Build | Stone Wall |
| 20:06 | Build | Stable |
| 20:19 | Research | Scale Barding Armor |
| 20:20 | Research | Forging |
| 20:32 | Build | Stable |
| 20:51 | Create | Knight |
| 20:51 | Create | Knight |
| 20:52 | Create | Knight |
| 20:52 | Create | Knight |
| 20:52 | Create | Knight |
| 20:52 | Create | Knight |
| 20:54 | Create | Knight |
| 21:13 | Build | Mining Camp |
| 21:22 | Build | Stable |
| 21:24 | Create | Knight |
| 21:24 | Create | Knight |
| 21:24 | Create | Knight |
| 21:32 | Create | Knight |
| 21:32 | Create | Knight |
| 21:45 | Create | Knight |
| 21:45 | Create | Knight |
| 21:45 | Create | Knight |
| 22:08 | Build | Siege Workshop |
| 22:13 | Create | Knight ×2 |
| 22:14 | Create | Knight ×2 |
| 22:26 | Create | Knight |
| 22:26 | Create | Knight |
| 22:26 | Create | Knight |
| 22:35 | Build | Mill |
| 22:36 | Build | Farm |
| 22:36 | Build | Farm |
| 22:36 | Build | Farm |
| 22:37 | Build | Farm |
| 22:37 | Build | Farm |
| 22:37 | Build | Farm |
| 22:37 | Build | Farm |
| 22:38 | Build | Farm |
| 22:38 | Build | Farm |
| 22:38 | Build | Farm |
| 22:52 | Build | Mining Camp |
| 22:57 | Create | Battering Ram |
| 22:58 | Create | Battering Ram |
| 23:00 | Create | Mangonel |
| 23:01 | Create | Mangonel |
| 23:21 | Create | Villager (Male) |
| 23:21 | Create | Villager (Male) |
| 23:22 | Create | Villager (Male) |
Build order — Tusshhaaarrr
133 actions detected in the replay
| 0:18 | Build | Mill |
| 0:29 | Create | Villager (Male) ×4 |
| 0:29 | Create | Villager (Male) |
| 2:24 | Build | House |
| 2:28 | Build | House |
| 2:33 | Build | House |
| 2:37 | Build | House |
| 5:02 | Create | Villager (Male) |
| 5:02 | Create | Villager (Male) |
| 5:02 | Create | Villager (Male) |
| 5:03 | Create | Villager (Male) |
| 5:03 | Create | Villager (Male) |
| 7:08 | Create | Villager (Male) ×2 |
| 7:08 | Create | Villager (Male) |
| 7:32 | Build | Lumber Camp |
| 8:21 | Create | Villager (Male) |
| 8:21 | Create | Villager (Male) |
| 8:33 | Build | Barracks |
| 9:23 | Build | Farm |
| 9:48 | Build | Farm |
| 10:03 | Create | Militia ×3 |
| 10:03 | Create | Militia |
| 10:25 | Build | Lumber Camp |
| 13:35 | Research | Feudal Age |
| 13:45 | Create | Villager (Male) |
| 15:54 | Create | Villager (Male) ×7 |
| 16:21 | Build | Farm |
| 16:31 | Build | Farm |
| 16:37 | Build | Farm |
| 16:45 | Build | Farm |
| 17:01 | Build | Farm |
| 17:08 | Build | Farm |
| 17:16 | Build | Mining Camp |
| 17:32 | Build | Lumber Camp |
| 17:46 | Build | Mining Camp |
| 18:16 | Build | Farm |
| 18:30 | Build | Market |
| 18:55 | Build | House |
| 18:58 | Build | House |
| 19:01 | Build | House |
| 19:05 | Build | House |
| 19:21 | Research | Wheelbarrow |
| 19:34 | Create | Villager (Male) ×9 |
| 20:21 | Create | Trade Cart |
| 20:47 | Research | Horse Collar |
| 20:52 | Research | Double-Bit Axe |
| 21:11 | Research | Gold Mining |
| 21:30 | Build | House |
| 21:32 | Build | House |
| 22:06 | Build | Archery Range |
| 22:26 | Build | Farm |
| 23:03 | Build | Watch Tower |
| 23:09 | Create | Trade Cart |
| 24:53 | Create | Trade Cart |
| 25:20 | Build | Stable |
| 25:26 | Create | Skirmisher ×5 |
| 25:27 | Create | Skirmisher |
| 25:49 | Research | Castle Age |
| 26:59 | Build | Farm |
| 27:35 | Create | Scout Cavalry ×3 |
| 27:35 | Create | Scout Cavalry |
| 27:51 | Research | Loom |
| 27:53 | Create | Villager (Male) ×3 |
| 27:53 | Create | Villager (Male) |
| 28:13 | Build | Farm |
| 29:03 | Create | Spearman ×6 |
| 29:04 | Create | Spearman |
| 29:11 | Create | Skirmisher |
| 30:19 | Create | Villager (Male) ×5 |
| 30:19 | Create | Villager (Male) |
| 30:28 | Build | House |
| 30:31 | Build | House |
| 30:35 | Build | House |
| 30:40 | Build | House |
| 30:42 | Build | House |
| 30:45 | Build | House |
| 30:49 | Build | House |
| 30:51 | Build | House |
| 31:13 | Build | Monastery |
| 32:14 | Build | Barracks |
| 32:27 | Create | Monk |
| 32:28 | Create | Monk |
| 32:29 | Create | Monk |
| 33:11 | Research | Bow Saw |
| 33:35 | Build | Lumber Camp |
| 34:11 | Create | Villager (Male) ×15 |
| 34:11 | Create | Villager (Male) |
| 34:38 | Build | Archery Range |
| 35:02 | Build | Mining Camp |
| 35:24 | Build | Castle |
| 36:02 | Create | Trade Cart ×3 |
| 36:03 | Create | Trade Cart |
| 36:10 | Research | Caravan |
| 36:11 | Research | Coinage |
| 36:23 | Build | Mill |
| 36:33 | Create | Skirmisher |
| 36:38 | Create | Scout Cavalry |
| 36:44 | Create | Militia |
| 36:45 | Create | Militia |
| 38:12 | Build | Farm |
| 38:19 | Build | Farm |
| 38:32 | Build | House |
| 38:35 | Build | House |
| 38:39 | Build | House |
| 38:42 | Build | House |
| 38:52 | Build | House |
| 39:10 | Build | Farm |
| 39:31 | Build | Farm |
| 40:05 | Build | Watch Tower |
| 40:33 | Build | House |
| 40:39 | Build | House |
| 40:42 | Build | House |
| 40:51 | Build | House |
| 40:56 | Build | House |
| 40:58 | Build | House |
| 41:02 | Build | House |
| 41:05 | Build | House |
| 41:08 | Build | House |
| 41:10 | Build | House |
| 41:20 | Build | Farm |
| 41:52 | Research | Herbal Medicine |
| 42:08 | Build | Mining Camp |
| 43:26 | Research | Imperial Age |
| 44:26 | Build | Town Center |
| 44:33 | Build | Town Center |
| 44:43 | Research | Hand Cart |
| 44:47 | Research | Town Watch |
| 46:05 | Research | Pikeman (upgrade) |
| 46:14 | Research | Light Cavalry (upgrade) |
| 46:19 | Research | Thumb Ring |
| 46:22 | Research | Squires |
| 46:53 | Create | Villager (Male) ×15 |
| 46:53 | Create | Villager (Male) |
Build order — Chocolate Nestle
First 150 of 346 actions detected
| 0:03 | Create | Villager (Male) |
| 0:03 | Create | Villager (Male) |
| 0:03 | Create | Villager (Male) |
| 0:04 | Build | House |
| 0:08 | Build | House |
| 0:09 | Build | House |
| 1:11 | Create | Villager (Male) |
| 1:50 | Build | Lumber Camp |
| 1:52 | Create | Villager (Male) |
| 2:09 | Create | Villager (Male) |
| 2:10 | Create | Villager (Male) |
| 2:32 | Create | Villager (Male) |
| 3:06 | Create | Villager (Male) |
| 3:33 | Create | Villager (Male) |
| 4:01 | Create | Villager (Male) |
| 4:09 | Build | Mill |
| 4:47 | Create | Villager (Male) |
| 4:48 | Create | Villager (Male) |
| 4:48 | Create | Villager (Male) |
| 4:48 | Create | Villager (Male) |
| 4:48 | Create | Villager (Male) |
| 5:27 | Create | Villager (Male) |
| 6:05 | Create | Villager (Male) |
| 6:30 | Create | Villager (Male) |
| 6:44 | Create | Villager (Male) |
| 7:06 | Build | Lumber Camp |
| 7:25 | Research | Loom |
| 7:28 | Build | House |
| 7:51 | Create | Villager (Male) |
| 8:14 | Create | Villager (Male) |
| 8:14 | Create | Villager (Male) |
| 8:58 | Create | Villager (Male) |
| 9:12 | Create | Villager (Male) |
| 9:32 | Create | Villager (Male) |
| 9:44 | Build | Mining Camp |
| 10:06 | Build | House |
| 10:13 | Research | Feudal Age |
| 11:33 | Build | Farm |
| 11:35 | Build | Farm |
| 11:38 | Build | Farm |
| 11:41 | Build | Farm |
| 11:47 | Build | Farm |
| 11:49 | Build | Farm |
| 11:52 | Build | Farm |
| 11:55 | Build | Farm |
| 12:16 | Create | Villager (Male) |
| 12:17 | Create | Villager (Male) |
| 12:23 | Age | Feudal Age |
| 12:42 | Build | Market |
| 12:45 | Build | Blacksmith |
| 12:49 | Build | House |
| 13:00 | Create | Villager (Male) |
| 13:30 | Create | Villager (Male) |
| 14:02 | Create | Villager (Male) |
| 14:10 | Build | Farm |
| 14:28 | Build | House |
| 14:29 | Build | House |
| 14:32 | Research | Castle Age |
| 14:49 | Build | Stone Wall |
| 14:57 | Research | Double-Bit Axe |
| 15:00 | Research | Horse Collar |
| 15:05 | Build | Farm |
| 15:08 | Build | Farm |
| 15:11 | Build | Farm |
| 15:44 | Research | Gold Mining |
| 15:52 | Build | Mining Camp |
| 15:57 | Create | Villager (Male) |
| 16:04 | Build | House |
| 16:04 | Build | House |
| 16:06 | Build | House |
| 16:13 | Build | Stone Wall |
| 16:19 | Research | Stone Mining |
| 17:12 | Age | Castle Age |
| 17:21 | Research | Heavy Plow |
| 17:22 | Research | Bow Saw |
| 17:31 | Build | House |
| 17:42 | Create | Villager (Male) |
| 17:43 | Create | Villager (Male) |
| 18:17 | Create | Villager (Male) |
| 18:20 | Build | House |
| 18:21 | Build | House |
| 18:47 | Create | Villager (Male) |
| 19:03 | Build | Stone Wall |
| 19:08 | Build | House |
| 19:09 | Build | House |
| 19:14 | Create | Villager (Male) |
| 19:23 | Build | Lumber Camp |
| 19:31 | Build | Lumber Camp |
| 19:45 | Create | Villager (Male) |
| 20:03 | Create | Villager (Male) |
| 20:07 | Build | House |
| 20:08 | Build | House |
| 20:34 | Build | Stone Wall |
| 20:38 | Create | Villager (Male) |
| 20:59 | Build | Barracks |
| 21:05 | Create | Villager (Male) |
| 21:09 | Build | Farm |
| 21:25 | Create | Villager (Male) |
| 21:40 | Build | Farm |
| 21:43 | Create | Villager (Male) |
| 22:12 | Build | Archery Range |
| 22:16 | Create | Villager (Male) |
| 22:18 | Build | Farm |
| 22:31 | Build | Monastery |
| 22:37 | Build | University |
| 22:45 | Build | Farm |
| 22:47 | Create | Villager (Male) |
| 22:50 | Build | Farm |
| 23:10 | Build | Farm |
| 23:11 | Build | Farm |
| 23:22 | Build | Farm |
| 23:27 | Build | Farm |
| 23:29 | Create | Villager (Male) |
| 23:58 | Create | Spearman |
| 24:00 | Create | Skirmisher |
| 24:18 | Build | House |
| 24:19 | Build | House |
| 24:24 | Create | Villager (Male) |
| 24:27 | Research | Imperial Age |
| 24:51 | Create | Spearman |
| 24:52 | Create | Skirmisher |
| 24:56 | Research | Pikeman (upgrade) |
| 25:00 | Research | Elite Skirmisher (upgrade) |
| 25:14 | Build | Stone Wall |
| 25:28 | Build | Gate |
| 25:37 | Research | Ballistics |
| 25:44 | Research | Fortified Wall (upgrade) |
| 25:46 | Research | Squires |
| 25:48 | Create | Spearman |
| 25:51 | Create | Skirmisher |
| 26:03 | Research | Forging |
| 26:04 | Research | Fletching |
| 26:13 | Research | Treadmill Crane |
| 26:36 | Research | Wheelbarrow |
| 26:50 | Build | Gate |
| 26:52 | Create | Spearman |
| 26:53 | Create | Skirmisher |
| 26:56 | Research | Arson |
| 27:06 | Research | Iron Casting |
| 27:37 | Age | Imperial Age |
| 27:38 | Research | Gold Shaft Mining |
| 27:54 | Research | Gambesons |
| 28:04 | Create | Skirmisher |
| 28:05 | Create | Spearman |
| 28:21 | Build | House |
| 28:29 | Build | Barracks |
| 28:31 | Build | Archery Range |
| 28:38 | Research | Crop Rotation |
| 29:13 | Build | Castle |
| 29:29 | Build | Castle |
Build order — glhf
First 150 of 408 actions detected
| 0:01 | Create | Villager (Male) ×4 |
| 0:03 | Build | House |
| 0:05 | Build | House |
| 1:49 | Create | Villager (Male) |
| 1:50 | Create | Villager (Male) |
| 2:30 | Create | Villager (Male) |
| 2:54 | Create | Villager (Male) |
| 2:55 | Create | Villager (Male) |
| 3:35 | Build | House |
| 3:35 | Build | House |
| 3:37 | Build | House |
| 3:40 | Create | Villager (Male) |
| 3:41 | Create | Villager (Male) |
| 3:41 | Create | Villager (Male) |
| 4:17 | Create | Villager (Male) |
| 4:17 | Create | Villager (Male) |
| 4:26 | Create | Villager (Male) |
| 5:02 | Create | Villager (Male) |
| 5:12 | Build | Lumber Camp |
| 5:30 | Create | Villager (Male) |
| 6:18 | Research | Double-Bit Axe |
| 6:18 | Research | Double-Bit Axe |
| 6:29 | Create | Villager (Male) |
| 7:17 | Create | Villager (Male) |
| 7:19 | Create | Villager (Male) |
| 7:22 | Create | Villager (Male) |
| 7:30 | Build | Mill |
| 8:06 | Research | Horse Collar |
| 8:13 | Create | Villager (Male) |
| 8:15 | Create | Villager (Male) |
| 8:29 | Build | Farm |
| 8:33 | Build | Farm |
| 8:35 | Build | Farm |
| 8:54 | Build | Farm |
| 8:59 | Create | Villager (Male) |
| 9:34 | Build | Mining Camp |
| 9:40 | Research | Feudal Age |
| 9:46 | Create | Villager (Male) |
| 11:44 | Create | Villager (Male) |
| 11:45 | Create | Villager (Male) |
| 12:06 | Age | Feudal Age |
| 12:11 | Create | Villager (Male) |
| 12:16 | Build | Market |
| 12:21 | Build | Blacksmith |
| 13:00 | Build | House |
| 13:01 | Build | House |
| 13:01 | Build | House |
| 13:02 | Build | House |
| 13:10 | Build | House |
| 13:20 | Build | House |
| 13:22 | Build | House |
| 13:23 | Build | House |
| 13:28 | Research | Castle Age |
| 13:40 | Build | House |
| 13:40 | Build | House |
| 13:41 | Build | House |
| 13:54 | Research | Bow Saw |
| 13:54 | Research | Bow Saw |
| 14:29 | Build | Mining Camp |
| 14:30 | Create | Villager (Male) |
| 14:31 | Create | Villager (Male) |
| 14:37 | Build | House |
| 14:38 | Build | House |
| 14:39 | Build | House |
| 14:40 | Build | House |
| 15:05 | Build | House |
| 15:05 | Build | House |
| 15:06 | Build | House |
| 15:07 | Build | House |
| 16:08 | Age | Castle Age |
| 16:09 | Create | Villager (Male) |
| 16:13 | Build | Monastery |
| 16:33 | Create | Villager (Male) |
| 16:38 | Build | Town Center |
| 16:44 | Build | House |
| 16:47 | Create | Villager (Male) |
| 16:48 | Create | Monk |
| 16:48 | Create | Monk |
| 16:58 | Create | Villager (Male) |
| 17:10 | Create | Villager (Male) |
| 17:14 | Create | Villager (Male) |
| 17:36 | Build | Town Center |
| 17:40 | Create | Villager (Male) |
| 17:41 | Create | Villager (Male) |
| 17:42 | Create | Monk |
| 17:54 | Create | Villager (Male) |
| 17:54 | Create | Villager (Male) |
| 18:12 | Research | Heavy Plow |
| 18:12 | Research | Heavy Plow |
| 18:16 | Build | Farm |
| 18:18 | Create | Villager (Male) |
| 18:19 | Create | Villager (Male) |
| 18:21 | Create | Villager (Male) |
| 18:24 | Build | Lumber Camp |
| 18:46 | Create | Villager (Male) |
| 18:53 | Build | Farm |
| 19:04 | Research | Gold Mining |
| 19:06 | Build | Farm |
| 19:08 | Create | Villager (Male) |
| 19:21 | Create | Monk |
| 19:22 | Create | Monk |
| 20:23 | Create | Villager (Male) |
| 20:23 | Create | Villager (Male) |
| 20:23 | Create | Villager (Male) |
| 20:25 | Build | Farm |
| 20:25 | Create | Villager (Male) |
| 20:26 | Create | Villager (Male) |
| 20:27 | Create | Villager (Male) |
| 21:07 | Create | Villager (Male) |
| 21:07 | Create | Villager (Male) |
| 21:07 | Create | Villager (Male) |
| 21:12 | Create | Villager (Male) |
| 21:25 | Create | Villager (Male) |
| 21:56 | Create | Villager (Male) |
| 21:57 | Create | Villager (Male) |
| 22:08 | Build | Farm |
| 22:11 | Build | Farm |
| 22:11 | Build | Farm |
| 22:12 | Build | Farm |
| 22:13 | Build | Farm |
| 22:15 | Build | Farm |
| 22:16 | Build | Farm |
| 22:17 | Build | Farm |
| 22:18 | Build | Farm |
| 22:19 | Create | Villager (Male) |
| 22:19 | Create | Villager (Male) |
| 22:28 | Build | Town Center |
| 23:13 | Create | Villager (Male) |
| 23:14 | Create | Villager (Male) |
| 23:19 | Research | Wheelbarrow |
| 23:19 | Create | Villager (Male) |
| 23:20 | Create | Villager (Male) |
| 23:39 | Create | Villager (Male) |
| 23:40 | Create | Villager (Male) |
| 23:41 | Create | Villager (Male) |
| 23:43 | Build | Farm |
| 23:45 | Build | Farm |
| 23:46 | Create | Villager (Male) |
| 23:48 | Build | Farm |
| 23:54 | Create | Villager (Male) |
| 23:56 | Create | Villager (Male) |
| 25:01 | Build | Farm |
| 25:02 | Build | Farm |
| 25:07 | Create | Villager (Male) |
| 25:08 | Create | Villager (Male) |
| 25:29 | Create | Villager (Male) |
| 25:30 | Create | Villager (Male) |
| 25:36 | Create | Villager (Male) |
| 25:36 | Create | Villager (Male) |
| 25:36 | Create | Villager (Male) |
Match timeline
| 8:33 | Tusshhaaarrr · first_building Barracks |
| 10:01 | WalterPFC · first_building Barracks |
| 10:56 | 杀猪死四农 · age_up feudal |
| 11:11 | 渣渣灰渣师傅tz · age_up feudal |
| 11:24 | WalterPFC · age_up feudal |
| 11:28 | Olufe jam'kon · age_up feudal |
| 11:46 | 基八 · age_up feudal |
| 12:06 | glhf · age_up feudal |
| 12:23 | Chocolate Nestle · age_up feudal |
| 14:34 | 杀猪死四农 · age_up castle |
| 14:44 | 杀猪死四农 · first_building Monastery |
| 14:49 | Chocolate Nestle · wall_segment Stone Wall x5 |
| 15:09 | Olufe jam'kon · age_up castle |
| 15:17 | 基八 · age_up castle |
| 15:23 | Olufe jam'kon · first_market_buy 100 wood |
| 16:08 | glhf · age_up castle |
| 16:13 | Chocolate Nestle · wall_segment Stone Wall x17 |
| 16:13 | glhf · first_building Monastery |
| 17:12 | Chocolate Nestle · age_up castle |
| 18:11 | Olufe jam'kon · first_building Castle |
| 18:20 | 渣渣灰渣师傅tz · first_building Barracks |
| 19:03 | Chocolate Nestle · wall_segment Stone Wall x10 |
| 19:04 | 渣渣灰渣师傅tz · first_market_sell 100 food |
| 19:21 | 基八 · first_building Barracks |
| 19:45 | 基八 · wall_segment Stone Wall x7 |
| 20:06 | 基八 · first_building Stable |
| 20:34 | Chocolate Nestle · wall_segment Stone Wall x12 |
| 20:59 | Chocolate Nestle · first_building Barracks |
| 21:48 | 渣渣灰渣师傅tz · age_up castle |
| 22:06 | Tusshhaaarrr · first_building Archery Range |
| 22:08 | 基八 · first_building Siege Workshop |
| 22:12 | Chocolate Nestle · first_building Archery Range |
| 22:18 | WalterPFC · first_market_buy 100 food |
| 22:19 | WalterPFC · first_market_sell 100 wood |
| 22:31 | Chocolate Nestle · first_building Monastery |
| 22:49 | WalterPFC · first_building Archery Range |
| 23:49 | Olufe jam'kon · first_building Siege Workshop |
| 24:20 | Olufe jam'kon · first_building Barracks |
| 25:07 | WalterPFC · age_up castle |
| 25:14 | Chocolate Nestle · wall_segment Stone Wall x7 |
| 25:20 | Tusshhaaarrr · first_building Stable |
| 25:31 | Olufe jam'kon · first_market_sell 100 wood |
| 25:47 | 杀猪死四农 · first_building Barracks |
| 26:23 | glhf · first_building Siege Workshop |
| 27:00 | Olufe jam'kon · wall_segment Stone Wall x5 |
| 27:09 | 杀猪死四农 · first_building Castle |
| 27:20 | 杀猪死四农 · first_building Stable |
| 27:37 | Chocolate Nestle · age_up imperial |
| 27:40 | 渣渣灰渣师傅tz · first_building Stable |
| 27:52 | glhf · first_building Barracks |
| 28:18 | 渣渣灰渣师傅tz · first_building Monastery |
| 28:24 | glhf · wall_segment Stone Wall x1 |
| 28:25 | glhf · wall_segment Stone Wall x1 |
| 28:32 | glhf · wall_segment Stone Wall x1 |
| 28:32 | glhf · wall_segment Stone Wall x1 |
| 28:46 | glhf · first_building Stable |
| 28:54 | 渣渣灰渣师傅tz · first_building Castle |
| 29:13 | Chocolate Nestle · first_building Castle |
| 29:14 | 渣渣灰渣师傅tz · first_building Siege Workshop |
| 29:23 | glhf · first_building Castle |
| 29:29 | 杀猪死四农 · age_up imperial |
| 30:47 | glhf · age_up imperial |
| 31:12 | Olufe jam'kon · wall_segment Stone Wall x6 |
| 31:13 | Tusshhaaarrr · first_building Monastery |
| 31:48 | Olufe jam'kon · wall_segment Stone Wall x6 |
| 32:07 | 基八 · first_building Archery Range |
| 32:56 | WalterPFC · first_building Castle |
| 35:24 | Tusshhaaarrr · first_building Castle |
| 36:23 | glhf · first_building Archery Range |
| 37:00 | 渣渣灰渣师傅tz · age_up imperial |
| 37:08 | Olufe jam'kon · age_up imperial |
| 37:22 | 基八 · first_building Monastery |
| 37:33 | WalterPFC · first_building Monastery |
| 37:50 | 杀猪死四农 · wall_segment Stone Wall x4 |
| 37:54 | 杀猪死四农 · wall_segment Stone Wall x1 |
| 38:15 | 杀猪死四农 · wall_segment Stone Wall x1 |
| 38:55 | Chocolate Nestle · wall_segment Stone Wall x15 |
| 39:12 | Chocolate Nestle · wall_segment Stone Wall x8 |
| 39:15 | 基八 · first_market_sell 100 wood |
| 39:40 | Chocolate Nestle · wall_segment Stone Wall x1 |
| 41:33 | Chocolate Nestle · wall_segment Stone Wall x13 |
| 43:00 | Chocolate Nestle · wall_segment Stone Wall x15 |
| 43:23 | WalterPFC · age_up imperial |
| 44:26 | glhf · resign |
[ AI ANALYSIS · 1 CREDIT ]
What really happened in this match?
Wolo.gg analyzes every decision: build order, eco, micro, common mistakes by bracket. Personalized analysis on WhatsApp or Discord in 30 seconds.
Civ guide
Bohemians
Perfil
Olufe jam'kon